AoeStats
← purry999

Arena

510538286Analyzed
1v1 RM · 17h ago on Oct 1, 2026· 45m 11s· 2 players
Game mode
Random Map
Map size
Tiny (2 player)
Population
200
Speed
Normal
Resources
Standard
Victory
Conquest
Starting age
Dark Age
Ending age
Imperial Age
RankedLock teamsTeams togetherTeam positionsShared explorationLock speedFull tech treeHidden civsTurbo modeCheats
Victory
Defeat
🇪🇸 Spanish · Spain
935
+15
🇨🇴 Italians · Colombia
917
-15
kevin.adhira19
0:36 Loom
10:43 Feudal Age
11:43 Double-Bit Axe
13:27 Wheelbarrow
14:11 Horse Collar
19:40 Fletching
19:50 Padded Archer Armor
23:30 Castle Age
23:31 Gold Mining
24:23 Bow Saw
24:15 Heavy Plow
23:36 Crossbowman
24:48 Treadmill Crane
25:29 Ballistics
25:44 Bodkin Arrow
26:05 Leather Archer Armor
31:49 Imperial Age
30:15 Fortified Wall
31:49 Stone Mining
34:18 Chemistry
33:20 Bracer
33:50 Ring Archer Armor
34:32 Two-Man Saw
35:23 Stone Shaft Mining
39:10 Pirotechnia
39:49 Masonry
43:00 Elite Skirmisher
43:39 Pikeman
44:32 Forging
44:22 Scale Mail Armor
purry999
9:26 Feudal Age
16:12 Castle Age
14:17 Double-Bit Axe
14:35 Horse Collar
17:53 Bow Saw
20:59 Scale Barding Armor
22:52 Wheelbarrow
23:01 Heavy Plow
23:43 Gold Mining
24:10 Forging
24:33 Stone Mining
25:07 Chain Barding Armor
25:49 Stone Shaft Mining
25:55 Iron Casting
26:25 Padded Archer Armor
26:43 Hand Cart
28:01 Leather Archer Armor
29:02 Bloodlines
29:22 Fletching
30:44 Bodkin Arrow
35:17 Imperial Age
35:41 Cavalier
36:58 Plate Barding Armor
36:49 Conscription
38:12 Blast Furnace
38:33 Two-Man Saw
37:40 Loom
39:15 Ring Archer Armor
39:20 Town Watch
39:20 Elite Conquistador
40:24 Bracer
40:44 Town Patrol
41:13 Guilds
41:25 Paladin
43:44 Ballistics
45:29 Chemistry
44:35 Husbandry
Connection lost

Rejoining the realm…

Still unreachable

The connection could not be restored.

Session expired

The server has moved on; the page needs a fresh start.